 Dungeon Crawl Stone Soup version bcrawl-1.26.1 (console) character file.

Game seed: 7038886211485912426

215303 GodsVoicemail the Shooter (level 8, -15/61 HPs)
             Began as a Centaur Arcane Marksman on July 14, 2020.
             Demolished by a two-headed ogre
             ... wielding a +0 giant spiked club
              (17 damage)
             ... on level 5 of the Dungeon.
             The game lasted 00:23:57 (5060 turns).

GodsVoicemail the Shooter (Centaur Arcane Marksman) Turns: 5060, Time: 00:23:57

Health: -15/61     AC:  5    Str: 14    XL:     8   Next: 6%
Magic:  5/12       EV: 10    Int: 17    God:
Gold:   288        SH:  0    Dex: 11    Spells: 7/13 levels left

rFire    . . .     SeeInvis .   b - +1 shortbow
rCold    . . .     Gourm    +   (shield currently unavailable)
rNeg     . . .     Faith    .   c - +0 robe
rPois    .         Spirit   .   (no helmet)
rElec    .         Reflect  .   g - +0 cloak
rCorr    .         Harm     .   (no gloves)
MR       .....     Clarity  +   (no barding)
Stlth    +.........             n - amulet of the gourmand
HPRegen  0.20/turn              x - +5 ring of intelligence
MPRegen  0.13/turn              (no ring)

@: swift, flying, very quick
A: large, hooves 3, clarity, deformed body, speed 2, tough skin 3
a: no special abilities


You were on level 5 of the Dungeon.
You were very hungry.

You visited 1 branch of the dungeon, and saw 5 of its levels.

You collected 288 gold pieces.

Inventory:

Hand Weapons
 a - a +2 dagger of venom
 b - a +1 shortbow (weapon)
 w - a +0 hunting sling
Missiles
 f - 874 arrows (quivered)
 j - 994 stones
 r - 179 poisoned needles
 s - 15 needles of confusion
 t - 256 bolts
 v - 282 sling bullets
Armour
 c - a +0 robe (worn)
 g - a +0 cloak (worn)
Jewellery
 n - an amulet of the gourmand (around neck)
 x - a +5 ring of intelligence (left hand)
Scrolls
 h - 3 scrolls of identify
 o - a scroll of teleportation {unknown}
Potions
 d - a potion of flight
 k - 3 potions of degeneration
Comestibles
 e - 10 rations {!d}
 i - 2 chunks of flesh


   Skills:
 + Level 2.3 Fighting
 * Level 4.7 Short Blades
 * Level 7.6 Bows
 - Level 1.3 Dodging
 + Level 3.0 Spellcasting
 + Level 4.1 Hexes


You had 7 spell levels left.
You knew the following spells:

 Your Spells              Type           Power        Failure   Level  Hunger
a - Corona                Hex            ###....      3%          1    None
b - Shackle               Hex            ###.....     4%          2    ##.....
c - False Image           Hex/Summ       #.......     22%         3    ###....

Your spell library contained the following spells:

 Spells                   Type           Power        Failure   Level  Hunger
 Inner Flame              Hex/Fire       N/A          22%         3    ###....
 Cause Fear               Hex            ###.......   32%         4    ####...
 Yara's Violent Unravell  Hex/Tmut       #.........   58%         4    ####...


Dungeon Overview and Level Annotations

Branches:
Dungeon (5/12)
 Temple: D:4-7

Altars:
Kikubaaqudgha
Uskayaw
Yredelemnul
The Shining One

Annotations:
D:4 exclusion: 2 downstairs


Innate Abilities, Weirdness & Mutations

You have hooves in place of feet.
Armour fits poorly on your strangely shaped body.
You cover ground very quickly.
You have extremely tough skin. (AC +3)
You possess an exceptional clarity of mind.


Message History

Something hits you.
* * * LOW HITPOINT WARNING * * *
Something shocks you.
* * * LOW HITPOINT WARNING * * *
Firing (i - inventory. (/) - cycle)
f - 875 arrows (quivered)
Press: ? - help, Shift-Dir - straight line You shoot an arrow.
It was a potion of cancellation.
Your magical effects are unravelling.
You feel magically purged.
You feel yourself slow down.
You feel a little less agile now. Something hits you but does no damage.
It was a potion of flight.
You feel very buoyant.
You fly up into the air.
Something hits you.
* * * LOW HITPOINT WARNING * * *
Something shocks you.
* * * LOW HITPOINT WARNING * * *
The two-headed ogre hits you with a +0 giant spiked club!
You die...

#.........#..
#............
#...≈....####
########......# ##
#.............###[
#.............##[.
#...........####..
#.{.........# #..
#@Os........# ##.
############# ## #


You could see a two-headed ogre and a giant cockroach.

Vanquished Creatures
  A hornet (D:5)
  Edmund (D:4)
  A centaur (D:5)
  A bullfrog (D:4)
  2 howler monkeys
  A crimson imp (D:4)
  2 bullfrog zombies
  A jelly (D:5)
  Crazy Yiuf (D:3)
  5 orc wizards
  An iguana (D:3)
  3 worker ants (D:5)
  A hound zombie (D:3)
  A worker ant zombie (D:5)
  A howler monkey skeleton (D:5)
  2 adders (D:3)
  2 worms
  A leopard gecko (D:1)
  11 orcs
  6 bats
  3 giant cockroaches
  8 goblins
  6 hobgoblins
  7 jackals
  8 kobolds
  6 quokkas
  5 frilled lizards
  A quokka skeleton (D:4)
  5 rats
94 creatures vanquished.

Notes
Turn   | Place    | Note
-------+----------+-------------------------------------------
     0 | D:1      | GodsVoicemail the Centaur Arcane Marksman began the quest
                  | for the Orb.
     0 | D:1      | Reached XP level 1. HP: 16/16 MP: 3/3
    84 | D:1      | Reached skill level 3 in Bows
   131 | D:1      | Reached skill level 1 in Short Blades
   131 | D:1      | Reached XP level 2. HP: 13/23 MP: 4/4
   423 | D:1      | Learned a level 2 spell: Shackle
   528 | D:1      | Reached XP level 3. HP: 25/28 MP: 1/5
   863 | D:1      | Reached skill level 4 in Bows
  1811 | D:3      | Noticed a +0 hand axe
  1811 | D:3      | Noticed a +0 dagger
  1972 | D:3      | Reached XP level 4. HP: 34/35 MP: 6/6
  2235 | D:3      | Found an ancient bone altar of Kikubaaqudgha.
  2427 | D:3      | Found a hide-covered altar of Uskayaw.
  2507 | D:3      | Found a runed door.
  2511 | D:3      | Noticed Crazy Yiuf
  2589 | D:3      | Killed Crazy Yiuf
  2825 | D:3      | Reached XP level 5. HP: 37/40 MP: 7/7
  2906 | D:4      | Learned a level 3 spell: False Image
  2977 | D:4      | Reached skill level 5 in Bows
  3200 | D:4      | Reached XP level 6. HP: 31/47 MP: 9/9
  3321 | D:4      | Noticed Edmund
  3349 | D:4      | Killed Edmund
  3349 | D:4      | Reached skill level 6 in Bows
  3786 | D:4      | Found a basalt altar of Yredelemnul.
  3788 | D:4      | Noticed a profane servitor
  3798 | D:4      | Found a glowing golden altar of the Shining One.
  3800 | D:4      | Noticed an angel
  4164 | D:5      | Entered Level 5 of the Dungeon
  4164 | D:5      | Noticed a sky beast
  4319 | D:4      | Reached XP level 7. HP: 36/52 MP: 10/10
  4777 | D:5      | Noticed a hornet
  4794 | D:5      | Killed a hornet
  4794 | D:5      | Reached skill level 7 in Bows
  4872 | D:5      | Reached XP level 8. HP: 50/61 MP: 12/12
  4941 | D:5      | Noticed a two-headed ogre
  5047 | D:5      | Gained mutation: You are partially covered in iridescent
                  | scales. (AC +2) [potion of mutation]
  5047 | D:5      | Lost mutation: You are partially covered in iridescent
                  | scales. (AC +2) [potion of mutation]
  5047 | D:5      | Gained mutation: You possess an exceptional clarity of
                  | mind. [potion of mutation]
  5060 | D:5      | HP: 2/61 [something (5)]
  5060 | D:5      | Demolished by a two-headed ogre

Skill      XL: |  1  2  3  4  5  6  7  8 |
---------------+-------------------------+-----
Bows           | 3 4 5 6 7 |  7.6
Short Blades   | 1 2 3 4 |  4.7
Hexes          | 3 4 |  4.1
Spellcasting   | 2 3 |  3.0
Fighting       | 2 |  2.3
Dodging        | |  1.3

Action                   |  1- 3 |  4- 6 |  7- 9 || total
-------------------------+-------+-------+-------++-------
Melee: Dagger            |    94 |   112 |    76 ||   282
       Kick              |    15 |    26 |    13 ||    54
       Rapier            |       |     9 |       ||     9
 Fire: Hunting sling     |    21 |    86 |    19 ||   126
       Shortbow          |       |       |    27 ||    27
Throw: Stone             |     1 |       |     4 ||     5
 Cast: Corona            |    22 |     5 |       ||    27
       Shackle           |       |       |     7 ||     7
  Use: Scroll            |       |     1 |     4 ||     5
       Potion            |       |       |     8 ||     8
  Eat: Chunk             |     3 |     6 |     5 ||    14
Armor: Robe              |    17 |    25 |    21 ||    63
       Skin              |       |       |    26 ||    26
Dodge: Dodged            |    47 |    50 |    27 ||   124
